 Dungeon Crawl Stone Soup version 0.31-a0-1074-g0b22e4e0f1 (webtiles) character file.

Game seed: 8747453631379016539

290 grandjackal the Slasher (level 6, 0/49 HPs)
             Began as a Demonspawn Gladiator on Nov 30, 2023.
             Slain by Ijyb
             ... wielding a +0 dagger
              (2 damage)
             ... on level 4 of the Dungeon.
             The game lasted 00:03:20 (2960 turns).

grandjackal the Slasher (Demonspawn Gladiator)      Turns: 2960, Time: 00:03:20

Health: 0/49       AC:  0    Str: 15    XL:     6   Next: 9%
Magic:  6/6        EV: 16    Int:  9    God:
Gold:   193        SH:  0    Dex: 16    Spells: 3/5 levels left

rFire   . . .        a - +0 long sword
rCold   . . .        (no shield)
rNeg    . . .        g - +0 ring mail
rPois   .            c - +0 helmet
rElec   .            (no cloak)
rCorr   .            (no gloves)
SInv    .            (no boots)
Will    +....        (no amulet)
Stlth   +            n - +5 ring of evasion
HPRegen 0.28/turn    t - ring of willpower
MPRegen 0.10/turn

%: no passive effects
@: corroded, hasted, very quick
A: rugged brown scales 1, demonic magic 2
a: no special abilities


You were on level 4 of the Dungeon.
You visited 1 branch of the dungeon, and saw 4 of its levels.

You collected 193 gold pieces.

Inventory:

Hand Weapons
 a - a +0 long sword (weapon)
Missiles
 d - 3 throwing nets (quivered)
 e - a javelin
Armour
 c - a +0 helmet (worn)
 g - a +0 ring mail (worn)
Jewellery
 n - a +5 ring of evasion (left hand)
 r - a ring of ice
 t - a ring of willpower (right hand)
Wands
 s - a wand of flame (27)
Scrolls
 f - a scroll of poison {unknown}
 i - a scroll of fog {unknown}
 k - a scroll of torment {unknown}
 m - 2 scrolls of identify {unknown}
 o - 2 scrolls of teleportation {unknown}
 p - a scroll of butterflies {unknown}
 q - a scroll of fear {unknown}
Potions
 b - a potion of might {unknown}
 h - 2 potions of haste
 j - a potion of curing {unknown}
 l - a potion of attraction {unknown}
 u - a potion of mutation {unknown}


   Skills:
 + Level 3.8 Fighting
 + Level 3.9 Long Blades
 - Level 2.0 Throwing
 + Level 2.3 Armour
 - Level 3.0 Dodging
 + Level 1.8 Translocations


You had 3 spell levels left.
You knew the following spells:

 Your Spells              Type           Power      Damage    Failure   Level
a - Blink                 Tloc           6%         N/A       50%         2

Your spell library contained the following spells:

 Spells                   Type           Power      Damage    Failure   Level
 Apportation              Tloc           6%         N/A       36%         1
 Lesser Beckoning         Tloc           6%         N/A       50%         2
 Magic Dart               Conj           0%         1d3       61%         1
 Momentum Strike          Conj/Tloc      2%         3d8       63%         2
 Jinxbite                 Hex            0%         N/A       75%         2
 Searing Ray              Conj           0%         2d4       75%         2
 Hailstorm                Conj/Ice       0%         3d3       93%         3
 Manifold Assault         Tloc           3%         N/A       98%         4
 Fulminant Prism          Conj/Hex       0%         3d5       100%        4
 Summon Ice Beast         Ice/Summ       0%         N/A       100%        4
 Alistair's Intoxication  Tmut/Pois      0%         N/A       100%        5
 Simulacrum               Ice/Necr       0%         N/A       100%        6


Dungeon Overview and Level Annotations

Branches:
Dungeon (4/15)
 Temple: D:4-7

Altars:

Shops:
D:2 (

Annotations:
D:4 Ijyb


Innate Abilities, Weirdness & Mutations

You are partially covered in rugged brown scales. (AC +1, +3% HP)
Spells you cast may paralyse nearby enemies.


Message History

Ijyb is moderately wounded.
Ijyb hits you with a +0 dagger.
You barely miss Ijyb.
Ijyb is moderately wounded.
Ijyb zaps a wand.
The bolt of acid misses you.
You barely miss Ijyb.
Ijyb is moderately wounded.
Ijyb completely misses you.
You barely miss Ijyb.
Ijyb is moderately wounded.
Ijyb hits you with a +0 dagger.
You closely miss Ijyb.
Ijyb is moderately wounded.
Ijyb hits you with a +0 dagger.
Ijyb zaps a wand.
The bolt of acid hits you! The acid corrodes you!
You are too injured to fight recklessly!
You are too injured to fight recklessly!
It was a potion of haste.
You feel yourself speed up. Ijyb closely misses you.
You miss Ijyb.
Ijyb is moderately wounded.
You hit Ijyb but do no damage.
Ijyb is moderately wounded.
Ijyb barely misses you.
You closely miss Ijyb.
Ijyb is moderately wounded.
Ijyb zaps a wand.
The bolt of acid hits you. The acid corrodes you!
You hit Ijyb but do no damage.
Ijyb is moderately wounded.
Ijyb zaps a wand.
The bolt of acid hits you!
* * * LOW HITPOINT WARNING * * *
The acid corrodes you!
You hit Ijyb but do no damage.
Ijyb is moderately wounded.
Ijyb barely misses you.
You miss Ijyb.
Ijyb is moderately wounded.
You hit Ijyb but do no damage.
Ijyb is moderately wounded.
Ijyb hits you with a +0 dagger.
You die...

............# #####
#...........# ##...#
#.#.........###...###
#.#.................#
..#.........###.#...#
.#.#.#.#....###.#...#
........#..##.....###
.......###.#..##.####
.........#......@g..#
.......#............#
...>.....##.........#
.......####....<....#
........##..........#
.#.#.#.#.>..........#
##..>....#..........#
#.[................#
..


You could see Ijyb.

Vanquished Creatures
  A phantom (D:3)
  A hound (D:3)
  Jessica (D:2)
  An orc wizard (D:3)
  Robin (D:3)
  A gnoll (D:3)
  3 adders
  2 worms
  A dart slug (D:2)
  4 orcs (D:4)
  5 ball pythons
  4 bats
  7 endoplasms
  5 giant cockroaches
  11 goblins
  3 hobgoblins
  5 jackals
  3 quokkas
  5 frilled lizards
  8 kobolds
  5 rats
77 creatures vanquished.

Notes
Turn   | Place    | Note
-------+----------+-------------------------------------------
     0 | D:1      | grandjackal the Demonspawn Gladiator began the quest for
                  | the Orb.
     0 | D:1      | Reached XP level 1. HP: 16/16 MP: 1/1
   375 | D:1      | Gained mutation: You are partially covered in rugged brown
                  | scales. (AC +1, +3% HP) [demonic ancestry]
   375 | D:1      | Reached XP level 2. HP: 16/22 MP: 2/2
  1063 | D:2      | Found Ysut Mub's Weapon Shop.
  1086 | D:2      | Reached XP level 3. HP: 22/28 MP: 3/3
  1370 | D:2      | Reached skill level 1 in Armour
  1381 | D:2      | Gained mutation: Spells you cast may paralyse adjacent
                  | enemies. [demonic ancestry]
  1381 | D:2      | Reached XP level 4. HP: 28/36 MP: 4/4
  1543 | D:2      | Learned a level 2 spell: Blink
  1740 | D:2      | Noticed Jessica
  1742 | D:2      | Killed Jessica
  1909 | D:3      | Noticed Robin
  1935 | D:3      | Killed Robin
  2129 | D:3      | Noticed a phantom
  2142 | D:3      | Killed a phantom
  2143 | D:3      | Reached skill level 1 in Translocations
  2143 | D:3      | Reached XP level 5. HP: 34/42 MP: 5/5
  2596 | D:3      | Gained mutation: Spells you cast may paralyse nearby
                  | enemies. [demonic ancestry]
  2596 | D:3      | Reached XP level 6. HP: 21/49 MP: 6/6
  2941 | D:4      | Noticed Ijyb
  2957 | D:4      | HP: 2/49 [Ijyb/bolt of acid (14)]
  2960 | D:4      | Slain by Ijyb

Illustrated notes

Levels and vault maps discovered:
D:1:      wander_arrival_lonely_grave, layout_basic
D:2:      layout_loops_ring, serial_shops, nicolae_shop_trees, uniq_jessica
D:3:      layout_loops_ring, uniq_robin
D:4:      layout_rooms, corexii_shack, st_stairs_4,
          minmay_misc_feat_four_crosses, uniq_ijyb

Skill      XL: |  1  2  3  4 |
---------------+-------------+-----
Throwing       | 2 |  2.0
Long Blades    | 3 |  3.9
Dodging        | 3 |  3.0
Fighting       | 3 |  3.8
Armour         | 1 2 |  2.3
Translocations | 1 |  1.8

Action                     |  1- 3 |  4- 6 || total
---------------------------+-------+-------++-------
  Melee: Long sword        |   124 |   142 ||   266
         Punch             |     2 |     3 ||     5
    Use: Potion            |       |     1 ||     1
 Armour: Ring mail         |    85 |   119 ||   204
         Leather armour    |     1 |       ||     1
  Dodge: Dodged            |    99 |    88 ||   187

Table legend: (Time is in decaauts)
 A = Elapsed time spent in this place.
 B = Non-inter-level travel time spent in this place.
 C = Inter-level travel time spent in this place.
 D = Time resting spent in this place.
 E = Time spent auto-exploring this place.
 F = Levels seen in this place.
 G = Mean time per level.
                   A        B        C        D        E       F      G
               +--------+--------+--------+--------+--------+-----+--------+
         Total |   3018 |   2959 |     59 |    253 |   2062 |   4 |  754.5 |
       Dungeon |   3018 |   2959 |     59 |    253 |   2062 |   4 |  754.5 |
               +--------+--------+--------+--------+--------+-----+--------+

Top non-repeatable levels by time:
     D:1: 1072 daAuts
     D:3: 998 daAuts
     D:2: 736 daAuts
     D:4: 210 daAuts
